 Dungeon Crawl Stone Soup version 0.25.0-11-g1f837a76a1 (webtiles) character file.

Game seed: 3795173814386028210

13734 Delamore the Cleaver (level 12, -4/102 HPs)
             Began as a Formicid Fighter on June 24, 2020.
             Was a High Priest of Okawaru.
             Slain by an orc warlord
             ... wielding a +2 battleaxe of freezing
              (6 damage)
             ... on level 2 of the Orcish Mines.
             The game lasted 00:15:48 (14246 turns).

Delamore the Cleaver (Formicid Fighter)            Turns: 14246, Time: 00:15:49

Health: -4/102     AC: 14    Str: 24    XL:     12   Next: 36%
Magic:  8/12       EV:  5    Int: 10    God:    Okawaru [*****.]
Gold:   1205       SH: 11    Dex: 10    Spells: 11/11 levels left

rFire    + . .     SeeInvis +   e - +1 war axe (flame)
rCold    . . .     Gourm    .   c - +1 kite shield
rNeg     . . .     Faith    .   K - +1 plate armour {MR+}
rPois    .         Spirit   .   (helmet unavailable)
rElec    .         Reflect  .   t - +0 cloak
rCorr    +         Harm     .   (no gloves)
MR       ++...                  s - +0 pair of boots
Stlth    ..........             o - amulet of the acrobat
HPRegen  0.27/turn              y - ring of resist corrosion
MPRegen  0.13/turn              J - ring of protection from fire

@: mighty
A: permanent stasis, dig shafts and tunnels, four strong arms, antennae 3
a: Dig, Shaft Self, Heroism, Finesse, Renounce Religion


You were on level 2 of the Orcish Mines.
You worshipped Okawaru.
Okawaru was extremely pleased with you.
You were not hungry.

You visited 3 branches of the dungeon, and saw 12 of its levels.
You also visited: Ossuary.

You collected 1205 gold pieces.

Inventory:

Hand Weapons
 e - a +1 war axe of flaming (weapon)
 F - a +1 hand axe of electrocution
 G - a +3 war axe
Missiles
 i - 3 throwing nets (quivered)
Armour
 c - a +1 kite shield (worn)
 s - a +0 pair of boots (worn)
 t - a +0 cloak (worn)
 K - a +1 plate armour of magic resistance (worn)
Jewellery
 o - an amulet of the acrobat (around neck)
 y - a ring of resist corrosion (left hand)
 E - the amulet "Plog" {Inacc +Blink Int+2 Dex+4}
   (You found it on level 6 of the Dungeon)

   [amulet of inaccuracy]

   It reduces the accuracy of all your attacks.
   It affects your intelligence (+2).
   It affects your dexterity (+4).
   It lets you blink.
 I - an uncursed ring of protection from fire
 J - a ring of protection from fire (right hand)
Wands
 j - a wand of random effects (19)
 w - a wand of acid (5)
 B - a wand of flame (22)
 D - a wand of enslavement (11)
 H - a wand of paralysis (9)
 N - a wand of polymorph (7)
Scrolls
 b - a scroll of amnesia
 g - 4 scrolls of remove curse
 l - a scroll of vulnerability
 p - 2 scrolls of fog
 u - a scroll of enchant weapon
 M - 3 scrolls of immolation
Potions
 a - a potion of cancellation {unknown}
 d - 4 potions of might
 h - a potion of resistance {unknown}
 k - 2 potions of degeneration
 m - 5 potions of lignification {unknown}
 n - 2 potions of flight
 r - 6 potions of curing
 v - a potion of stabbing {unknown}
 x - a potion of brilliance {unknown}
 z - 3 potions of haste {unknown}
 A - a potion of invisibility
 C - 2 potions of mutation {unknown}
 L - a potion of magic
Comestibles
 f - 16 rations


   Skills:
 - Level 12.2 Fighting
 + Level 14.8 Axes
 - Level 3.2 Armour
 + Level 5.3 Shields


You had 11 spell levels left.
You didn't know any spells.
Your spell library was empty.

Dungeon Overview and Level Annotations

Branches:
Dungeon (9/15)             Temple (1/1) D:6             Orc (2/2) D:9
    Elf (0/3) Orc:2       Ossuary (visited)
   Lair: D:8-11

Altars:
Ashenzari
Cheibriados
Dithmenos
Elyvilon
Fedhas
Gozag
Hepliaklqana
Kikubaaqudgha
Makhleb
Nemelex Xobeh
Okawaru
Qazlal
Ru
Sif Muna
Trog
Uskayaw
Vehumet
Wu Jian
Xom
Yredelemnul
Zin
The Shining One


Innate Abilities, Weirdness & Mutations

You cannot be hasted, slowed, berserked, paralysed or teleported.
You can dig through walls and to a lower floor.
Your four strong arms can wield two-handed weapons with a shield.
You have a pair of large antennae on your head. (SInv)


Message History

The orc no longer looks unusually strong.
You hit the orc warlord. You burn the orc warlord.
The orc warlord is heavily wounded.
You slash the orc! You burn the orc.
You kill the orc!
Okawaru accepts your kill.
You slash the orc warlord! You burn the orc warlord.
The orc warlord is severely wounded.
The orc warlord hits you with a +2 battleaxe of freezing!!
* * * LOW HITPOINT WARNING * * *
The orc warlord freezes you.
* * * LOW HITPOINT WARNING * * *
You feel much better.
You barely miss the orc warlord.
The orc warlord is severely wounded.
Your hands slow down.
The orc warlord hits you with a +2 battleaxe of freezing!!
* * * LOW HITPOINT WARNING * * *
The orc warlord freezes you.
You die...

...........# #####.##
.#..#.....### ##.##...##
.....#..#.#.###......#.#
.............###....#..#
#............#.#..##..##
..........#........####
{ [...#....#.#.#......#
{ .........[..##.....##
{ ...........###).@<##
.......#.###.##)o## {
..............#.## {{ {{
..............#.. {
.............{....
................... {
#.........#..##.##..
#.......#....##.# #..
.....###....##... #..


You could see an orc warlord.

Vanquished Creatures
  Erolcha (D:9)
  Harold (D:7)
  An orc high priest (Orc:1)
  2 orc sorcerers
  A cyclops (D:8)
  Joseph (D:7)
  Maggie (D:7)
  5 trolls
  3 hippogriffs (D:8)
  A vampire (D:7)
  3 hungry ghosts
  A warg (Orc:1)
  Duvessa (D:7)
  3 sky beasts
  An ice beast (D:6)
  22 orc warriors
  A phantom (D:9)
  10 ogres
  A black bear (D:5)
  3 centaurs
  6 big kobolds (D:9)
  2 bullfrogs (D:8)
  3 gnoll sergeants
  4 water moccasin zombies (Ossuary)
  Dowan (D:7)
  2 scorpions
  A killer bee (D:8)
  4 wights (D:6)
  6 howler monkeys
  5 crimson imps
  4 jellies
  2 centaur skeletons
  9 orc priests
  A gnoll shaman (D:5)
  11 hounds
  13 orc wizards
  6 bullfrog skeletons
  2 iguanas
  Terence (D:2)
  8 worker ants
  A big kobold zombie (Ossuary)
  A hound zombie (D:5)
  2 hound skeletons
  2 mummies (Ossuary)
  2 worker ant zombies
  10 adders
  23 gnolls
  2 shadow imps
  An ooze (D:4)
  6 adder zombies
  3 adder skeletons
  4 worms
  3 dart slugs (D:2)
  6 leopard geckos
  48 orcs
  2 ball pythons
  3 bats
  6 giant cockroaches
  4 goblins
  7 hobgoblins
  8 jackals
  27 kobolds
  8 quokkas
  10 frilled lizards
  A giant cockroach zombie (D:5)
  6 hobgoblin zombies (Ossuary)
  A jackal skeleton (D:6)
  2 kobold zombies (Ossuary)
  2 leopard gecko skeletons
  5 orc zombies (Ossuary)
  4 rats
  A withered plant (D:9)
365 creatures vanquished.

Vanquished Creatures (others)
  A bush (D:6)
1 creature vanquished.

Grand Total: 366 creatures vanquished

Notes
Turn   | Place    | Note
-------+----------+-------------------------------------------
     0 | D:1      | Delamore the Formicid Fighter began the quest for the Orb.
     0 | D:1      | Reached XP level 1. HP: 18/18 MP: 1/1
   199 | D:1      | Reached skill level 3 in Axes
   199 | D:1      | Reached XP level 2. HP: 5/24 MP: 2/2
   705 | D:1      | Reached XP level 3. HP: 29/29 MP: 3/3
   974 | D:2      | Noticed Terence
   984 | D:2      | Killed Terence
   984 | D:2      | Reached skill level 4 in Axes
   984 | D:2      | Reached XP level 4. HP: 25/35 MP: 4/4
  1575 | D:2      | Found a hazy altar of Hepliaklqana.
  1578 | D:2      | Found a sacrificial altar of Ru.
  1581 | D:2      | Found a bloodstained altar of Trog.
  1722 | D:3      | Found a shattered altar of Ashenzari.
  1810 | D:3      | Reached XP level 5. HP: 40/41 MP: 5/5
  1864 | D:3      | Reached skill level 5 in Axes
  2632 | D:4      | Noticed a sky beast
  2652 | D:4      | Killed a sky beast
  2652 | D:4      | Reached skill level 6 in Axes
  2652 | D:4      | Reached XP level 6. HP: 24/47 MP: 6/6
  3292 | D:4      | Reached skill level 7 in Axes
  3292 | D:4      | Reached XP level 7. HP: 47/52 MP: 7/7
  3944 | D:5      | Entered Level 5 of the Dungeon
  3953 | D:5      | Reached skill level 8 in Axes
  4227 | D:5      | Reached XP level 8. HP: 58/58 MP: 8/8
  4492 | D:5      | Reached skill level 9 in Axes
  4557 | D:5      | Found a sparkling altar of Nemelex Xobeh.
  5157 | D:5      | Reached skill level 10 in Axes
  5337 | D:5      | Found an opulent altar of Gozag.
  6147 | D:6      | Got a heavily runed graven amulet
  6151 | D:6      | Identified the amulet "Plog" {Inacc +Blink Int+2 Dex+4}
                  | (You found it on level 6 of the Dungeon)
  6180 | D:6      | Reached XP level 9. HP: 64/64 MP: 9/9
  6401 | D:6      | Found a staircase to the Ecumenical Temple.
  6448 | Temple   | Entered the Ecumenical Temple
  6449 | Temple   | HP: 3/66 [poisoned by a wight]
  6455 | Temple   | HP: 2/66 [poisoned by a wight]
  6463 | Temple   | HP: 1/66 [poisoned by a wight]
  6471 | Temple   | HP: 1/66 [poisoned by a wight]
  6946 | Temple   | Became a worshipper of Warmaster Okawaru
  7396 | D:7      | Noticed Maggie
  7398 | D:7      | Noticed Joseph
  7402 | D:7      | Killed Maggie
  7402 | D:7      | Reached skill level 5 in Fighting
  7402 | D:7      | Reached skill level 11 in Axes
  7414 | D:7      | Killed Joseph
  7414 | D:7      | Reached * piety under Okawaru
  7571 | D:7      | Noticed Duvessa
  7571 | D:7      | Noticed Dowan
  7582 | D:7      | Killed Duvessa
  7602 | D:7      | Killed Dowan
  7670 | D:7      | Reached XP level 10. HP: 77/77 MP: 10/10
  7682 | D:7      | Found a sand-covered staircase.
  7687 | Ossuary  | Entered an ossuary
  7970 | D:7      | Reached skill level 12 in Axes
  8529 | D:7      | Noticed Harold
  8538 | D:7      | Killed Harold
  8538 | D:7      | Reached ** piety under Okawaru
  9345 | D:8      | Noticed a cyclops
  9351 | D:8      | Reached *** piety under Okawaru
  9364 | D:8      | Killed a cyclops
  9364 | D:8      | Reached skill level 13 in Axes
  9364 | D:8      | Reached XP level 11. HP: 37/89 MP: 11/11
 10014 | D:8      | Reached skill level 10 in Fighting
 10124 | D:9      | Found an ancient bone altar of Kikubaaqudgha.
 10317 | D:9      | Reached **** piety under Okawaru
 10387 | D:9      | Noticed Erolcha
 10408 | D:9      | Killed Erolcha
 10652 | D:9      | Found a staircase to the Orcish Mines.
 10656 | D:9      | Reached ***** piety under Okawaru
 11433 | Orc:1    | Entered Level 1 of the Orcish Mines
 11787 | Orc:1    | Reached skill level 14 in Axes
 11909 | Orc:2    | Entered Level 2 of the Orcish Mines
 11909 | Orc:2    | Noticed an orc warlord
 12051 | Orc:1    | Noticed an orc high priest
 12054 | Orc:1    | Noticed an orc sorcerer
 12338 | Orc:1    | Noticed an orc sorcerer
 12340 | Orc:1    | Killed an orc high priest
 12358 | D:9      | Killed an orc sorcerer
 12358 | D:9      | Reached XP level 12. HP: 32/102 MP: 12/12
 13547 | Orc:2    | Reached skill level 5 in Shields
 14047 | Orc:2    | Found a staircase to the Elven Halls.
 14246 | Orc:2    | HP: 2/102 [orc warlord/+2 battleaxe of freezing (35)]
 14246 | Orc:2    | Slain by an orc warlord

Illustrated notes

Levels and vault maps discovered:
D:1:      enne_arrival_octagon_isle, layout_loops_cross, st_stairs_13
D:2:      layout_loops_ring, minitemple, minmay_tromino_v7, uniq_terence
D:3:      layout_rooms, evilmike_ruin_ashenzari, serial_forest,
          infiniplex_forest_diagonal, infiniplex_forest_clump_tiny,
          infiniplex_forest_straight_3, infiniplex_forest_clump_cross,
          infiniplex_forest_end_1
D:4:      minmay_chambers_of_twos, layout_basic, first_ration, minmay_distorted
D:5:      minmay_thinvault, layout_basic,
          nicolae_gozag_cash_rules_everything_around_me, serial_glass,
          glass_columns_c, glass_columns_a, nemelex_xobeh_ov_fountains_minmay
D:6:      layout_layer_cave, minmay_temple_entry_enclosed_plants,
          corner_web_ring
D:7:      layout_loops_ring, nicolae_ossuary_entry_false_entrances,
          chequers_serial_rivers_room_b, uniq_joseph, uniq_duvessa, uniq_harold,
          uniq_maggie
D:8:      minmay_slanted_spiral_squares, layout_basic
D:9:      layout_long_grid, kiku_gazebo_garden_becter,
          kennysheep_orc_monster_closet_entryway, uniq_erolcha
Temple:   regret_index_temple_sphere_string
Orc:1:    layout_diamond_mine
Orc:2:    pf_orc_diabolical, layout_caves, abandoned_shop

Skill      XL: |  1  2  3  4  5  6  7  8  9 10 11 12 |
---------------+-------------------------------------+-----
Axes           | 3 4 6 7 8 10 11 13 14 | 14.8
Fighting       | 6 9 11 12 | 12.2
Shields        | 5 |  5.3
Armour         | |  3.2

Action                   |  1- 3 |  4- 6 |  7- 9 | 10-12 || total
-------------------------+-------+-------+-------+-------++-------
Melee: War axe           |    69 |   107 |       |    90 ||   266
       Hand axe          |       |    66 |   365 |   511 ||   942
Throw: Throwing net      |       |       |       |     2 ||     2
Invok: Finesse           |       |       |       |     1 ||     1
 Abil: Dig               |       |       |       |     1 ||     1
  Use: Scroll            |       |       |    11 |     5 ||    16
       Potion            |       |       |     2 |     4 ||     6
 Stab: Held in net/web   |       |       |       |     1 ||     1
  Eat: Chunk             |       |     8 |    10 |    20 ||    38
       Ration            |       |       |     1 |     2 ||     3
Armor: Scale mail        |    33 |    70 |   105 |       ||   208
       Acid dragon scale |       |       |    15 |    54 ||    69
       Plate armour      |       |       |       |   101 ||   101
Dodge: Dodged            |    33 |    57 |    80 |   117 ||   287
Block: Kite shield       |    33 |    83 |   134 |   252 ||   502
